 Dungeon Crawl Stone Soup version 0.26-b1-32-g5d43845318 (webtiles) character file.

Game seed: 10553349094793078142

102 raph the Conjurer (level 4, -3/25 HPs)
             Began as a Deep Elf Conjurer on Jan 10, 2021.
             Slain by Grinder (4 damage)
             ... on level 3 of the Dungeon.
             The game lasted 00:05:59 (2524 turns).

raph the Conjurer (Deep Elf Conjurer)               Turns: 2524, Time: 00:05:59

Health: -3/25      AC:  8    Str:  5    XL:     4   Next: 50%
Magic:  4/11       EV: 13    Int: 23    God:
Gold:   104        SH:  0    Dex: 13    Spells: 4/10 levels left

rFire    . . .     SeeInvis .   n - +1 dagger (speed)
rCold    . . .     Faith    .   (no shield)
rNeg     . . .     Spirit   .   a - +1 robe
rPois    .         Reflect  .   b - +2 hat
rElec    .         Harm     .   h - +2 cloak
rCorr    .         Rampage  .   (no gloves)
Will     .....                  (no boots)
Stlth    ++........             (no amulet)
HPRegen  0.08/turn              (no ring)
MPRegen  0.12/turn              (no ring)

@: no status effects
A: no striking features
a: no special abilities


You were on level 3 of the Dungeon.
You visited 1 branch of the dungeon, and saw 3 of its levels.

You collected 104 gold pieces.

Inventory:

Hand Weapons
 n - a +1 dagger of speed (weapon)
Armour
 a - a +1 robe (worn)
 b - a +2 hat (worn)
 h - a +2 cloak (worn)
 p - a scarf of repulsion
Scrolls
 f - 2 scrolls of remove curse
 g - a scroll of enchant armour
Potions
 c - a potion of resistance
 d - a potion of heal wounds {unknown}
 e - 2 potions of might
 l - a potion of cancellation {unknown}
 m - a potion of degeneration {unknown}
 q - a potion of brilliance {unknown}


   Skills:
 + Level 1.1 Fighting
 + Level 3.1 Dodging
 - Level 3.1 Stealth
 + Level 3.6 Spellcasting
 * Level 5.3 Conjurations
 * Level 0.8 Hexes


You had 4 spell levels left.
You knew the following spells:

 Your Spells              Type           Power        Failure   Level
a - Magic Dart            Conj           100%         1%          1
b - Searing Ray           Conj           56%          1%          2
c - Dazzling Flash        Conj/Hex       36%          9%          3

Your spell library contained the following spells:

 Spells                   Type           Power        Failure   Level
 Fulminant Prism          Conj/Hex       9%           30%         4
 Iskenderun's Mystic Bla  Conj/Tloc      16%          36%         4


Dungeon Overview and Level Annotations

Branches:
Dungeon (3/15)

Altars:
Wu Jian

Annotations:
D:3 Grinder


Message History

Pain shoots through your body!
Ouch! That really hurt!
Unknown command.
The searing ray hits Grinder!
Grinder is severely wounded.
You finish channeling your searing ray.
Grinder hits you.
You writhe in agony.
* * * LOW HITPOINT WARNING * * *
Unknown command.
Casting: Searing Ray (safe; 1% risk of failure)
Confirm with . or Enter, or press ? or * to list all spells.
Aiming: Searing Ray (safe; 1% risk of failure)
Press: ? - help, Shift-Dir - straight line, f - Grinder
Aim: Grinder (severely wounded, 23% to evade)
The searing ray hits Grinder!
Grinder is almost dead. (Press . to maintain the ray.) Grinder hits you.
* * * LOW HITPOINT WARNING * * *
You writhe in agony.
You die...

##### ....# #.... ....## #....
....# #.... .... #.... ... #....
#######.############....
.......5...........'.... #..@.#
####.... #....### #....
#......#########o...
#########.(..#..............
######.......#....#.........o####
#............#....#..........#
#.###........######.........(#
#.# #........######..........#
#.####.......##..............#


You could see Grinder.

Vanquished Creatures
  Terence (D:2)
  3 adders
  A shadow imp (D:3)
  An ooze (D:1)
  2 worms (D:3)
  A leopard gecko (D:1)
  An orc (D:3)
  2 bats (D:3)
  5 giant cockroaches
  A goblin (D:2)
  2 hobgoblins (D:2)
  4 kobolds
  2 quokkas
  2 ball pythons (D:3)
  A frilled lizard (D:2)
  3 rats
32 creatures vanquished.

Notes
Turn   | Place    | Note
-------+----------+-------------------------------------------
     0 | D:1      | raph the Deep Elf Conjurer began the quest for the Orb.
     0 | D:1      | Reached XP level 1. HP: 10/10 MP: 6/6
   264 | D:1      | Reached XP level 2. HP: 15/15 MP: 5/8
   318 | D:1      | Learned a level 2 spell: Searing Ray
  1080 | D:2      | Noticed Terence
  1084 | D:2      | Killed Terence
  1085 | D:2      | Reached skill level 5 in Conjurations
  1085 | D:2      | Reached XP level 3. HP: 20/20 MP: 4/9
  1538 | D:3      | Reached skill level 1 in Fighting
  1716 | D:3      | Learned a level 3 spell: Dazzling Flash
  1777 | D:3      | Reached XP level 4. HP: 25/25 MP: 9/11
  2002 | D:3      | Noticed Grinder
  2392 | D:3      | Found an ornate altar of the Wu Jian Council.
  2524 | D:3      | HP: 1/25 [Grinder (2)]
  2524 | D:3      | Slain by Grinder

Illustrated notes

Levels and vault maps discovered:
D:1:      lightli_arrival_boilingwater, layout_basic, minmay_misc_feat_rows
D:2:      layout_basic, grunt_decor_cap, uniq_terence
D:3:      layout_basic, pdpol_wu_jian_five_deadly_venoms, grunt_gozag_statues,
          minivault_14, uniq_grinder

Skill      XL: |  1  2  3 |
---------------+----------+-----
Stealth        | 3 |  3.1
Conjurations   | 5 |  5.3
Dodging        | 3 |  3.1
Fighting       | 1 |  1.1
Spellcasting   | |  3.6
Hexes          | |  0.8

Action                   |  1- 3 |  4- 6 || total
-------------------------+-------+-------++-------
Melee: Whip              |     1 |       ||     1
       Dagger            |       |     1 ||     1
 Cast: Magic Dart        |    23 |     9 ||    32
       Searing Ray       |     8 |     6 ||    14
  Use: Scroll            |       |     9 ||     9
 Stab: Sleeping          |     1 |     1 ||     2
Armor: Robe              |     1 |       ||     1
Dodge: Dodged            |     1 |     1 ||     2
